 Dungeon Crawl Stone Soup version 0.31-a0-187-gba352fbbf7 (webtiles) character file.

Game seed: 17601687754342477218

109 qw the Skirmisher (level 4, 0/25 HPs)
             Began as a Deep Elf Hunter on June 22, 2023.
             Slain by an orc
             ... wielding a +0 club
              (2 damage)
             ... on level 3 of the Dungeon.
             The game lasted 00:00:34 (1372 turns).

qw the Skirmisher (Deep Elf Hunter)                 Turns: 1372, Time: 00:00:34

Health: 0/25       AC:  5    Str: 10    XL:     4   Next: 60%
Magic:  6/6        EV: 11    Int: 14    God:
Gold:   107        SH:  0    Dex: 18    Spells: 3/3 levels left

rFire   . . .        Y - +0 shortbow
rCold   . . .        (shield currently unavailable)
rNeg    . . .        e - +0 ring mail
rPois   .            (no helmet)
rElec   .            (no cloak)
rCorr   .            (no gloves)
SInv    .            (no boots)
Will    .....        (no amulet)
Stlth   +            (no ring)
HPRegen 0.24/turn    (no ring)
MPRegen 0.10/turn

%: no passive effects
@: lethally poisoned (0 -> -4)
A: no striking features
a: no special abilities


You were on level 3 of the Dungeon.
You visited 1 branch of the dungeon, and saw 3 of its levels.

You collected 107 gold pieces.


   Skills:
 - Level 1.5 Fighting
 + Level 8.0 Ranged Weapons
 - Level 2.4 Dodging
 - Level 1.2 Stealth


You had 3 spell levels left.
You didn't know any spells.
Your spell library was empty.

Inventory:

Hand Weapons
 Y - a +0 shortbow (weapon)
Armour
 c - a +0 pair of gloves
 e - a +0 ring mail (worn)
Scrolls
 b - a scroll of blinking {unknown}
Potions
 a - a potion of cancellation {unknown}
 f - a potion of mutation {unknown}
 h - a potion of heal wounds {unknown}

Dungeon Overview and Level Annotations

Branches:
Dungeon (3/15)

Altars:


Message History

You kill the orc wizard!
The bat closely misses you. The orc completely misses you.
Your Ranged Weapons skill increases to level 8!
You shoot an arrow. The arrow hits the orc.
You kill the orc!
The bat closely misses you.
You shoot an arrow. The arrow hits the bat.
You kill the bat!
The orc wizard points at you and mumbles some strange words.
You are confused.
1367 ||| DRINKING potion of curing.
You feel better.
1367 ||| (to cure confusion)
You shoot an arrow.
The arrow completely misses the orc wizard.
The orc wizard mumbles some strange words.
The orc wizard flickers and vanishes!
Deactivating autopickup; reactivate with Ctrl-A.
You shoot an arrow.
The arrow hits the orc wizard but does no damage.
You shoot an arrow. The arrow barely misses the orc wizard.
The arrow hits the orc.
The orc is almost dead.
Something hits you.
You are poisoned.
The orc wizard casts a spell at you. The magic dart hits you!
You shoot an arrow.
The arrow hits the orc but does no damage.
The orc is almost dead.
You feel sick.
You hear some strange, mumbled words.
A magic dart appears from out of thin air!
The magic dart hits you. The orc wizard misses you.
The orc completely misses you.
You shoot an arrow. The arrow closely misses the orc.
You feel sick.
You hear some strange, mumbled words.
A magic dart appears from out of thin air!
The magic dart hits you. The orc hits you with a +0 club.
You die... ..............# ########......# ...... #......# ..... ###......# .... ..# ###........# oo.

..####....####### ob
..##...##...# .#
..##.#.####.######.#
..#..#.# #...#.@o.#
....##.# ###...{o.#
..####.# #........#
..# #..# #...[.....#
..# #.## #.......#.#
.## #.# ##.....##.#
.# #.# ##.....## #
## #.# #.......#
#####.### #.......#


You could see an orc wizard and an orc.

Vanquished Creatures
  An orc wizard (D:3)
  2 adders (D:2)
  2 worms (D:2)
  3 dart slugs (D:1)
  2 orcs (D:3)
  4 bats
  6 endoplasms
  3 giant cockroaches
  6 goblins
  4 hobgoblins
  5 kobolds
  2 quokkas (D:1)
  3 ball pythons
  3 frilled lizards (D:1)
  3 rats (D:1)
49 creatures vanquished.

Notes
Turn   | Place    | Note
-------+----------+-------------------------------------------
     0 | D:1      | qw the Deep Elf Hunter began the quest for the Orb.
     0 | D:1      | Reached XP level 1. HP: 12/12 MP: 3/3
     0 | D:1      | 0 ||| qw: Version: 0.3-a-9-g12657ce
     0 | D:1      | 0 ||| qw: Game counter: 2622
     0 | D:1      | 0 ||| qw: Always use a shield: true
     0 | D:1      | 0 ||| qw: God list: Okawaru
     0 | D:1      | 0 ||| qw: Allow faded altars: false
     0 | D:1      | 0 ||| qw: Do Orc after D:15 true
     0 | D:1      | 0 ||| qw: Do second Lair branch before Depths: true
     0 | D:1      | 0 ||| qw: Lair rune preference: random
     0 | D:1      | 0 ||| qw: Plans: Normal
     0 | D:1      | 0 ||| PLANNING D:1-11
    74 | D:1      | Reached skill level 6 in Ranged Weapons
    74 | D:1      | Reached XP level 2. HP: 16/16 MP: 4/4
   320 | D:1      | 320 ||| UPGRADING to +0 ring mail.
   331 | D:1      | 331 ||| UPGRADING to +0 ring mail.
   341 | D:1      | 341 ||| DROPPING +0 leather armour.
   443 | D:1      | Reached XP level 3. HP: 20/20 MP: 5/5
   462 | D:1      | 462 ||| Stepping ~*~*~tactically~*~*~ (water).
   641 | D:1      | 641 ||| DROPPING amulet of magic regeneration.
   642 | D:1      | 642 ||| READING scroll labelled ZUIGGIMAECW.
   643 | D:1      | 643 ||| DROPPING scroll of butterflies.
   796 | D:2      | Reached skill level 7 in Ranged Weapons
  1016 | D:2      | Reached XP level 4. HP: 25/25 MP: 6/6
  1121 | D:2      | 1121 ||| READING scroll labelled OCOUZAJUEXE.
  1122 | D:2      | 1122 ||| DRINKING 2 murky inky potions.
  1358 | D:3      | 1358 ||| Stepping ~*~*~tactically~*~*~ (outnumbered).
  1362 | D:3      | 1362 ||| Stepping ~*~*~tactically~*~*~ (outnumbered).
  1365 | D:3      | Reached skill level 8 in Ranged Weapons
  1367 | D:3      | 1367 ||| DRINKING potion of curing.
  1367 | D:3      | 1367 ||| (to cure confusion)
  1371 | D:3      | HP: 6/25 [something/magic dart (6)]
  1372 | D:3      | HP: 2/25 [something/magic dart (3)]
  1372 | D:3      | Slain by an orc

Levels and vault maps discovered:
D:1:      tarquinn_simple_flora_water_e, layout_basic, serial_bayou_lagoon_b
D:2:      layout_basic
D:3:      layout_rooms, lemuel_crystal_altar

Skill      XL: |  1  2  3  4 |
---------------+-------------+-----
Ranged Weapons | 6 7 8 |  8.0
Fighting       | |  1.5
Dodging        | |  2.4
Stealth        | |  1.2

Action                     |  1- 3 |  4- 6 || total
---------------------------+-------+-------++-------
   Fire: Shortbow          |    88 |    32 ||   120
    Use: Scroll            |     1 |     1 ||     2
         Potion            |       |     2 ||     2
 Armour: Ring mail         |     1 |     2 ||     3
  Dodge: Dodged            |     3 |    11 ||    14

Table legend:
 A = Non-vault XP
 B = Vault XP
 C = Vault XP percentage of total XP
 D = Non-vault monster count
 E = Vault monster count
 F = Vault count percentage of total count
                 A         B        C        D         E       F
            +---------+---------+-------+---------+---------+-------
      Total |     157 |       0 |   0.0 |      49 |       0 |   0.0
            +---------+---------+-------+---------+---------+-------
        D:1 |      47 |       0 |   0.0 |      25 |       0 |   0.0
        D:2 |      58 |       0 |   0.0 |      15 |       0 |   0.0
        D:3 |      52 |       0 |   0.0 |       9 |       0 |   0.0
            +---------+---------+-------+---------+---------+-------
